 Dungeon Crawl Stone Soup version 0.17.1-3-g152610e (webtiles) character file.

30 ololoev the Chopper (level 3, -6/43 HPs)
             Began as a Demonspawn Berserker on Mar 22, 2016.
             Was a Follower of Trog.
             Mangled by an orc
             ... wielding a +0 mace
              (9 damage)
             ... on level 3 of the Dungeon.
             The game lasted 00:01:11 (149 turns).

ololoev the Chopper (Demonspawn Berserker)           Turns: 149, Time: 00:01:11

Health: -6/43      AC:  2    Str: 23    XL:     3   Next: 3%
Magic:  0/3        EV: 12    Int:  8    God:    Trog [*.....]
Gold:   31         SH:  0    Dex: 12    Spells: 0 memorised, 2 levels left

rFire  . . .     SeeInvis .     a - +0 hand axe
rCold  . . .     Clarity  .     b - +0 animal skin
rNeg   . . .     SustAt   .     (no shield)
rPois  .         Gourm    .     (helmet restricted)
rElec  .         Spirit   +     (no cloak)
rCorr  .         Warding  .     (no gloves)
rMut   .         Stasis   .     (no boots)
MR     .....                    (no amulet)
Stlth  ..........               (no ring)
                                (no ring)

@: berserking, very quick, not resistant to hostile enchantments, extremely
unstealthy
A: antennae 1, magic shield
a: Berserk, Burn Spellbooks, Renounce Religion


Innate Abilities, Weirdness & Mutations

You have a pair of small antennae on your head.
When hurt, damage is shared between your health and your magic reserves.

Inventory:

Hand Weapons
 a - a +0 hand axe (weapon)
Armour
 b - a +0 animal skin (worn)
Scrolls
 d - a scroll of amnesia {unknown}
Comestibles
 c - a bread ration
 f - 4 chunks of flesh


   Skills:
 - Level 3.0 Fighting
 * Level 3.4 Axes
 + Level 2.3 Armour
 - Level 1.7 Dodging


You had 2 spell levels left.
You didn't know any spells.


You were on level 3 of the Dungeon.
You worshipped Trog.
Trog was aware of your devotion.
You were not hungry.

You visited 1 branch of the dungeon, and saw 3 of its levels.

You collected 31 gold pieces.

. #.#.#.. #.#
.##.#%### #.# #.#.
#.# ..# #.#
##+###### #.#
........# #.#
........######.#.#
.......ooo.o$..#.#
...5..)@########.#
........'..(.....#
........##########
#########

Notes
Turn   | Place    | Note
--------------------------------------------------------------
     0 | D:1      | ololoev the Demonspawn Berserker began the quest for the Orb.
     0 | D:1      | Reached XP level 1. HP: 18/18 MP: 1/1
    19 | D:1      | Gained mutation: When hurt, damage is shared between your health and your magic reserves. [demonic ancestry]
    19 | D:1      | Reached XP level 2. HP: 24/24 MP: 2/2
    70 | D:3      | Noticed ololoev's ghost (weakling DsBe)
    74 | D:3      | Killed ololoev's ghost
   130 | D:3      | Gained mutation: You have a pair of small antennae on your head. [demonic ancestry]
   130 | D:3      | Reached XP level 3. HP: 6/29 MP: 1/3
   148 | D:3      | HP: 2/43 [orc wizard/dagger of protection (3)]
   149 | D:3      | Mangled by an orc

Dungeon Overview and Level Annotations

Branches:
Dungeon (3/15)

Altars:


Message History

Your experience leads to an increase in your attributes!
Increase (S)trength, (I)ntelligence, or (D)exterity?
You feel stronger.
Your demonic ancestry asserts itself...
A pair of antennae grows on your head!
Found 17 gold pieces and 14 exploding sling bullets.
You now have 31 gold pieces (gained 17).
You see here 14 exploding sling bullets.
As you open the door, it creaks loudly!
You hear a shout!
A hobgoblin comes into view. It is wielding a club.
There is an open door here.
You open the door. 3 orcs and an orc wizard come into view.
The orc shouts! x2
The orc wizard shouts!
The orc shouts!
Found 6 gold pieces.
A crimson imp comes into view.
Use which ability? (? or * to list)
A red film seems to cover your vision as you go berserk!
You feel yourself moving faster!
You feel mighty!
You feel somewhat more hungry.
The crimson imp shouts!
Unknown command.
You hit the orc wizard.
The orc wizard is lightly wounded.
You barely miss the orc. You closely miss the hobgoblin.
The orc hits you with a mace.
The orc wizard hits you with a dagger of protection.
The hobgoblin hits you but does no damage.
Unknown command.
Unknown command.
You barely miss the orc wizard.
The orc wizard is lightly wounded.
You hit the hobgoblin.
You kill the hobgoblin!
Trog accepts your kill.
You hit the orc.
The orc is almost dead.
The orc wizard hits you but does no damage.
The orc hits you with a mace!
You die...

You could see an orc wizard, a crimson imp and 3 orcs.

Vanquished Creatures
  An adder (D:3)
  An ooze (D:1)
  The ghost of ololoev the Skirmisher, a weakling DsBe of Trog (D:3)
  A giant gecko (D:3)
  2 bats
  A hobgoblin (D:3)
  4 jackals (D:1)
11 creatures vanquished.

Action                   || total
-------------------------++-------
Melee: Hand axe          ||    21
Invok: Berserk           ||     3
  Use: Scroll            ||     1

Vault maps used:
D:1:      mrwooster_arrival_statue_3
D:2:      nicolae_qazlal_style_of_elements, lemuel_coloured_pillars_altar,
          minmay_goblin_outpost, uniq_sigmund, uniq_crazy_yiuf_cottage
D:3:      lemuel_doored_altar
